 Dungeon Crawl Stone Soup version 0.31.0-10-gcf4a605ca0 (webtiles) character file.

Game seed: 2344065486086172444

2176 Flugkiller the Grappler (level 9, 44/88 HPs)
             Began as a Troll Enchanter on Jan 25, 2024.
             Quit the game on level 6 of the Dungeon.
             The game lasted 00:03:52 (4137 turns).

Flugkiller the Grappler (Troll Enchanter)           Turns: 4137, Time: 00:03:53

Health: 44/88      AC:  8    Str: 22    XL:     9   Next: 11%
Magic:  9/9        EV:  9    Int: 11    God:
Gold:   361        SH:  0    Dex: 10    Spells: 10/10 levels left

rFire   . .          .
                       - Unarmed
rCold   . . .        (no shield)
rNeg    . . .        j - +0 steam dragon scales
rPois   .            (helmet restricted)
rElec   .            e - +0 cloak
rCorr   +            (gloves unavailable)
SInv    .            (boots unavailable)
Will    .....        (no amulet)
Stlth   ++           c - ring of resist corrosion
HPRegen 1.14/turn    (no ring)
MPRegen 0.11/turn

%: no passive effects
@: no status effects
A: large, unfitting armour, claws 3, regeneration 1, shaggy fur 1, tough skin 1
a: no special abilities


You were on level 6 of the Dungeon.
You visited 1 branch of the dungeon, and saw 7 of its levels.

You collected 361 gold pieces.

Inventory:

Missiles
 a - 28 poisoned darts (quivered)
 b - 4 curare-tipped darts
 g - 5 atropa-tipped darts
 i - 2 darts of dispersal
Armour
 e - a +0 cloak (worn)
   (You took it off Crazy Yiuf on level 3 of the Dungeon)
 j - +0 steam dragon scales (worn)
   (You found it on level 6 of the Dungeon)
Jewellery
 c - a ring of resist corrosion (left claw)
   (You found it on level 1 of the Dungeon)
 f - the ring "Nuur" {Ice Dex+2}
   (You found it on level 4 of the Dungeon)

   [ring of ice]

   Ice:       It enhances your ice magic.
   Dex+2:     It affects your dexterity (+2).
   rF-:       It makes you vulnerable to fire.
   rC+:       It protects you from cold.
Wands
 d - a wand of flame (21)
   (You took it off Robin on level 3 of the Dungeon)


   Skills:
 + Level 5.1 Fighting
 - Level 0.7 Short Blades
 - Level 1.5 Dodging
 - Level 1.5 Stealth
 * Level 8.8 Unarmed Combat
 - Level 1.2 Spellcasting
 - Level 2.0 Hexes
 * Level 3.7 Evocations


You had 10 spell levels left.
You didn't know any spells.
Your spell library contained the following spells:

 Spells                   Type           Power      Damage    Failure   Level
 Magic Dart               Conj           0%         1d3       32%         1
 Ensorcelled Hibernation  Hex/Ice        4%         N/A       32%         2
 Confusing Touch          Hex            5%         N/A       38%         3
 Sigil of Binding         Hex            5%         N/A       38%         3
 Tukima's Dance           Hex            5%         N/A       38%         3
 Blink                    Tloc           0%         N/A       43%         2
 Call Imp                 Summ           0%         N/A       43%         2
 Cigotuvi's Dreadful Rot  Necr/Alch/Air  0%         N/A       43%         2
 Dazzling Flash           Conj/Hex       4%         N/A       54%         3
 Call Canine Familiar     Summ           0%         N/A       67%         3
 Dimensional Bullseye     Hex/Tloc       1%         N/A       91%         4
 Dispel Undead            Necr           0%         3d6       97%         4
 Martyr's Knell           Necr/Summ      0%         N/A       97%         4
 Death Channel            Necr           0%         N/A       100%        6


Dungeon Overview and Level Annotations

Branches:
Dungeon (7/15) Zot: 26983
 Temple: D:4-7

Altars:
Sif Muna
The Shining One

Shops:
D:3 :

Annotations:
D:4 3 runed translucent doors, dakkaduck's ghost, weakling MiBe


Innate Abilities, Weirdness & Mutations

You are too large for most types of armour.
You have claws for hands.
Your natural rate of healing is unusually fast.
You are covered in fur. (AC +1)
You have tough skin. (AC +1)


Message History

No target in view!
No target in view!
A scorpion comes into view.
You see here 10 gold pieces.
A scorpion is nearby!
A scorpion is nearby!
The scorpion stings you but does no damage.
You scratch the scorpion.
The scorpion is lightly wounded.
The scorpion barely misses you.
You barely miss the scorpion.
The scorpion is lightly wounded.
The scorpion stings you.
The scorpion stings you but does no damage.
You scratch the scorpion.
The scorpion is moderately wounded.
The scorpion closely misses you.
You completely miss the scorpion.
The scorpion is moderately wounded.
The scorpion stings you.
You closely miss the scorpion.
The scorpion is moderately wounded.
The scorpion stings you but does no damage.
You mangle the scorpion!!
You kill the scorpion!
No target in view!
You see here a scorpion corpse.
No target in view!
You now have 361 gold pieces (gained 10).
A gargoyle comes into view. It is wielding a +0 mace.
Found 12 gold pieces.
A gargoyle is nearby!
A gargoyle is nearby!
Unknown command.
The gargoyle hurls a stone arrow at you.
The stone arrow hits you!
Aiming: Paralyse
Press: ? - help, Shift-Dir - straight line, f - gargoyle
Aim: a gargoyle, wielding a +0 mace (chance to affect: 40%)
Okay, then.
There is a stone staircase leading down here.
You climb downwards.
You hear the hiss of flowing sand.
There is an entrance to an ossuary on this level.
Hurry and find it before the portal is buried!
The gnoll bouda shouts!
Found a scroll labelled NUSTIBLAUM and 8 gold pieces.
Found a stone staircase leading up.
There is a stone staircase leading up here.
A shadow imp comes into view.
You see here 8 gold pieces.
An orc comes into view. It is wielding a +0 mace.
The gnoll bouda barks out a call to the hunt!
A gnoll comes into view. It is wielding a +0 spear.
You hear a shout!
The gnoll bouda barks out a call to the hunt!
The bullfrog attacks as it pursues you!
The bullfrog hits you but does no damage.
You hear a shout!
An orc warrior comes into view. It is wielding a +0 hand axe.
The orc shouts!
The orc warrior shouts!
You hear a shout!
The bullfrog hits you.
There is a stone staircase leading up here.
The bullfrog hits you but does no damage.
The shadow imp hits you but does no damage.
You climb upwards.
There is a stone staircase leading down here.
You scratch the bullfrog.
You claw the bullfrog, but do no damage.
The bullfrog is lightly wounded.
The bullfrog hits you.
The gargoyle hurls a stone arrow at you.
The stone arrow hits you!
The bullfrog hits you but does no damage.
You mangle the bullfrog!!
The bullfrog is almost dead.
The shadow imp misses you. The bullfrog closely misses you.
You scratch the bullfrog but do no damage.
The bullfrog is almost dead.
The bullfrog hits you. The shadow imp hits you.
You scratch the bullfrog.
You kill the bullfrog!
The shadow imp barely misses you.
You completely miss the shadow imp. Your claw misses the shadow imp.
The shadow imp hits you but does no damage.
You scratch the gargoyle but do no damage.
The gargoyle hurls a stone arrow at you.
The stone arrow hits you!! The shadow imp barely misses you.
You are too injured to fight recklessly!
You are too injured to fight recklessly!
You are too injured to fight recklessly!
You are too injured to fight recklessly!
You are too injured to fight recklessly!
Aiming: Paralyse
Press: ? - help, Shift-Dir - straight line, f - gargoyle
Aim: a gargoyle, wielding a +0 mace (chance to affect: 41%)
The gargoyle resists with some effort.
The now-empty wand crumbles to dust.
The gargoyle hits you with a +0 mace. The shadow imp spits at you.
The shadow imp hits you.
Are you sure you want to abandon this character and quit the game? (Confirm with "yes".)

..........#......###..........#.#
...#.............# #...##.##....#
.####............###...# ..... .#
#..##.......###....# .....# ##
#..####.....##.....# ....## #
#...###............## ...... .
....................# ...... .#
...#.........†.......## ......
...##.........@......... ......
#.###.........59....##.#........
.###.................##.....###
...[##................. ...###
.$.................##.# ....
...................#########.##
.............#.....##.##.....##
.............##.#...†....#...##
.......##.#..#####.#.....#....#


You could see a gargoyle and a shadow imp.

Vanquished Creatures
  A hornet (D:6)
  Sigmund (D:2)
  A steam dragon (D:6)
  Duvessa (D:5)
  An ogre (D:4)
  A kobold brigand (D:6)
  3 bullfrogs (D:6)
  5 scorpions
  5 wights (D:6)
  Dowan (D:5)
  A jelly (D:5)
  3 bombardier beetles (D:5)
  Crazy Yiuf (D:3)
  6 hounds
  2 iguanas
  2 sleepcaps
  An orc wizard (D:5)
  Robin (D:3)
  5 adders
  3 gnolls (D:4)
  A dart slug (D:1)
  A ribbon worm (D:2)
  4 orcs (D:5)
  6 ball pythons
  4 bats
  10 endoplasms
  3 giant cockroaches
  18 goblins
  13 hobgoblins
  3 jackals (D:3)
  4 quokkas
  3 frilled lizards
  9 kobolds
  5 rats
129 creatures vanquished.

Notes
Turn   | Place    | Note
-------+----------+-------------------------------------------
     0 | D:1      | Flugkiller the Troll Enchanter began the quest for the Orb.
     0 | D:1      | Reached XP level 1. HP: 16/16 MP: 1/1
   184 | D:1      | Reached skill level 1 in Unarmed Combat
   352 | D:1      | Reached XP level 2. HP: 26/26 MP: 2/2
   506 | D:1      | Reached skill level 1 in Fighting
   516 | D:1      | Reached skill level 2 in Unarmed Combat
   720 | D:2      | Noticed Sigmund
   726 | D:2      | Killed Sigmund
   727 | D:2      | Reached skill level 4 in Unarmed Combat
   727 | D:2      | Reached XP level 3. HP: 30/35 MP: 3/3
   727 | D:2      | Reached XP level 4. HP: 37/42 MP: 4/4
   727 | D:2      | Reached XP level 5. HP: 43/49 MP: 5/5
  1253 | D:3      | Noticed Robin
  1285 | D:3      | Killed Robin
  1796 | D:3      | Found a shimmering blue altar of Sif Muna.
  1815 | D:3      | Found Igraot's Book Boutique.
  1827 | D:3      | Reached XP level 6. HP: 59/59 MP: 6/6
  1877 | D:3      | Found a faded altar of an unknown god.
  2085 | D:3      | Found a runed translucent door.
  2086 | D:3      | Noticed Crazy Yiuf
  2164 | D:3      | Killed Crazy Yiuf
  2256 | D:4      | Reached skill level 5 in Unarmed Combat
  2400 | D:4      | Reached XP level 7. HP: 67/67 MP: 7/7
  2410 | D:4      | Found a glowing golden altar of the Shining One.
  2432 | D:4      | Reached skill level 6 in Unarmed Combat
  2434 | D:4      | Identified the ring "Nuur" {Ice Dex+2}
  2731 | D:4      | Found a runed translucent gate.
  2732 | D:4      | Found a runed translucent gate.
  2736 | D:4      | Found a runed translucent gate.
  2736 | D:4      | Noticed dakkaduck's ghost (weakling MiBe)
  2821 | D:5      | Entered Level 5 of the Dungeon
  3112 | D:5      | Reached skill level 7 in Unarmed Combat
  3281 | D:5      | Noticed Duvessa
  3281 | D:5      | Noticed Dowan
  3288 | D:5      | Killed Duvessa
  3289 | D:5      | Reached skill level 1 in Evocations
  3292 | D:5      | Killed Dowan
  3293 | D:5      | Reached XP level 8. HP: 39/78 MP: 8/8
  3725 | D:6      | Reached skill level 8 in Unarmed Combat
  3874 | D:6      | Noticed a hornet
  3882 | D:6      | Killed a hornet
  4001 | D:6      | Reached skill level 5 in Fighting
  4001 | D:6      | Reached XP level 9. HP: 73/88 MP: 9/9
  4102 | D:6      | Noticed a gargoyle
  4137 | D:6      | Quit the game

Illustrated notes

Levels and vault maps discovered:
D:1:      minmay_arrival_checkered_box, layout_loops_ring, roderic_lattice_a,
          hangedman_decor_riveting, serial_bayou_pond_b,
          minmay_misc_feat_diagonals
D:2:      layout_rooms, uniq_sigmund
D:3:      kennysheep_goblin_castle, layout_loops_ring,
          mainiacjoe_overflow_brackets, serial_shops, nicolae_shop_crystal,
          dreamdust_ecumenical_altar_grove, uniq_crazy_yiuf_cottage
D:4:      layout_gridville, mainiacjoe_overflow_alcove_1,
          gammafunk_ghost_nasty_kobolds, kennysheep_generic_room_12
D:5:      layout_loops_cross, uniq_duvessa
D:6:      layout_cave_pools, serial_shops, nicolae_shop_bloodbath_and_beyond,
          kennysheep_small_circle
D:7:      layout_basic, minmay_temple_entry_mini_moons,
          lightli_ossuary_entry_decrepit_ruins, serial_shops, shop

Skill      XL: |  1  2  3  4  5  6  7  8 |
---------------+-------------------------+-----
Unarmed Combat | 1 4 5 7 8 |  8.8
Fighting       | 2 3 4 5 |  5.1
Evocations     | 1 3 |  3.7
Short Blades   | |  0.7
Dodging        | |  1.5
Stealth        | |  1.5
Spellcasting   | |  1.2
Hexes          | |  2.0

Action                     |  1- 3 |  4- 6 |  7- 9 || total
---------------------------+-------+-------+-------++-------
  Melee: Unarmed           |    53 |   152 |   160 ||   365
         Punch             |       |     3 |     4 ||     7
  Evoke: Wand              |       |       |    11 ||    11
   Stab: Sleeping          |     5 |     4 |     1 ||    10
         Paralysed         |       |       |    10 ||    10
 Armour: Robe              |    31 |   131 |    89 ||   251
         Steam dragon scal |       |       |    45 ||    45
  Dodge: Dodged            |    22 |    92 |    83 ||   197
